 Dungeon Crawl Stone Soup version 0.22-a0-44-geb883ae61c (webtiles) character file.

4604 Cheet4h the Carver (level 10, -3/136 HPs)
             Began as a Yellow Draconian Berserker on Jan 6, 2018.
             Was a High Priest of Trog.
             Slain by a death yak (16 damage)
             ... on level 8 of the Dungeon.
             The game lasted 00:32:49 (10080 turns).

Cheet4h the Carver (Yellow Draconian Berserker)    Turns: 10080, Time: 00:32:49

Health: -3/136     AC:  9    Str: 30    XL:     10   Next: 19%
Magic:  19/19      EV: 16    Int:  7    God:    Trog [*****.]
Gold:   229        SH:  0    Dex: 14    Spells: 9/9 levels left

rFire    . . .     SeeInvis +   a - +4 long sword
rCold    . . .     Gourm    .   (no shield)
rNeg     . . .     Faith    +   (armour unavailable)
rPois    .         Spirit   .   p - +0 hat of the Pleiades {MP+9 Str+3}
rElec    .         Reflect  .   (no cloak)
rCorr    +         Harm     .   l - +1 pair of gloves
MR       .....                  (no boots)
Stlth    ..........             d - amulet of faith
HPRegen  0.32/turn              f - ring of see invisible
MPRegen  0.16/turn              (no ring)

@: berserking, short of breath, flying, starving, drained, very quick
A: spit acid, acid resistance, unfitting armour, big wings, agile 1,
cold-blooded, AC +7
a: Breathe Acid, Stop Flying, Berserk, Trog's Hand, Brothers in Arms, Burn
Spellbooks, Renounce Religion


You were on level 8 of the Dungeon.
You worshipped Trog.
Trog was extremely pleased with you.
You were starving.

You visited 2 branches of the dungeon, and saw 10 of its levels.
You also visited: Ossuary.

You collected 526 gold pieces.
You spent 297 gold pieces at shops.

Inventory:

Hand Weapons
 a - a +4 long sword (weapon)
 b - a +0 arbalest
Missiles
 m - 112 bolts
Armour
 l - a +1 pair of gloves (worn)
 p - the +0 hat of the Pleiades (worn) {MP+9 Str+3}
   (You bought it in a shop on level 5 of the Dungeon)

   It affects your strength (+3).
   It affects your magic capacity (+9).
 q - a +1 buckler of cold resistance
Jewellery
 d - an amulet of faith (around neck)
 f - a ring of see invisible (left hand)
Wands
 i - a wand of digging (9)
 n - a wand of iceblast (4)
 w - a wand of random effects (11)
Scrolls
 k - 2 scrolls of teleportation
 s - a scroll of holy word
 x - a scroll of immolation
 y - a scroll of magic mapping
Potions
 c - a potion of lignification {unknown}
 e - 4 potions of curing {unknown}
 g - 3 potions of invisibility
 j - 3 potions of resistance
 o - 2 potions of heal wounds {unknown}
 r - 3 potions of haste {unknown}
 t - a potion of brilliance {unknown}
Books
 u - a book of Necromancy

   Spells                             Type                      Level
   a - Pain                           Necromancy                   1
   b - Animate Skeleton               Necromancy                   1
   c - Vampiric Draining              Necromancy                   3
   d - Regeneration                   Charms/Necromancy            3
   e - Animate Dead                   Necromancy                   4
   f - Borgnjor's Vile Clutch         Necromancy/Earth             5
   Trog disapproves of the use of such an item.
 v - a book of Clouds

   Spells                             Type                      Level
   a - Poisonous Vapours              Poison/Air                   2
   b - Mephitic Cloud                 Conjuration/Poison/Air       3
   c - Conjure Flame                  Conjuration/Fire             3
   d - Freezing Cloud                 Conjuration/Ice/Air          6
   e - Ring of Flames                 Charms/Fire                  7
   Trog disapproves of the use of such an item.
Comestibles
 h - 17 rations


   Skills:
 * Level 9.0(8.6) Fighting
 * Level 9.7(9.4) Long Blades
 + Level 4.5(4.2) Crossbows
 * Level 7.3(7.0) Dodging


You had 9 spell levels left.
You didn't know any spells.

Dungeon Overview and Level Annotations

Branches:
Dungeon (9/15)             Temple (1/1) D:6
   Lair: D:8-11         Orc: D:9-12

Altars:
Ashenzari
Cheibriados
Dithmenos
Elyvilon
Fedhas
Hepliaklqana
Kikubaaqudgha
Makhleb
Okawaru
Qazlal
Ru
Sif Muna
Trog
Uskayaw
Vehumet
Wu Jian
Xom
Yredelemnul
Zin
The Shining One

Shops:
D:5 [


Innate Abilities, Weirdness & Mutations

You can spit globs of acid.
You are resistant to acid.
Your golden yellow scales are hard. (AC +7)
You cannot fit into any form of body armour.
You are cold-blooded and may be slowed by cold attacks.
Your large and strong wings let you fly indefinitely.
You are agile. (Dex +2)


Message History

Unknown command.
You hit the death yak. You tail-slap the death yak.
The death yak is lightly wounded.
The death yak gores you!
* * * LOW HITPOINT WARNING * * *
Unknown command.
Press: ? - help, Shift-Dir - straight line, f - death yak
Aim: a death yak (lightly wounded)
You spit a glob of acid.
The glob of acid hits the death yak.
The death yak appears unharmed.
The death yak is lightly wounded.
The death yak is splashed with acid.
You feel somewhat more hungry. The death yak barely misses you.
You riposte.
You hit the death yak.
The death yak is lightly wounded.
Okay, then.
A red film seems to cover your vision as you go berserk!
You feel yourself moving faster!
You feel mighty!
You are starving!
The death yak gores you!
You die...

#.# ####.##..##.#
##'###....##..##.#
#...#########..#.#
#.#.# #..#.#
#...### ##.#.#
##'##≈# #...#
≈.≈.≈.# ##..#
..#..##########)Y#
#...## #........@#
#.### #.......)##
#.# #........# #.#
#........# #.#
#....[...#
#.######[.......#
........[[......#
.....########'###
.###.# #.##


You could see a death yak.

Vanquished Creatures
  An ugly thing (D:8)
  Psyche (D:8)
  A hippogriff (D:7)
  Edmund (D:4)
  Duvessa (D:7)
  2 orc warriors
  2 phantoms
  2 ice beasts (D:6)
  2 black bears (D:8)
  An ogre (D:6)
  An eye of draining (D:8)
  The ghost of FIQ the Charlatan, an amateur GnWn (D:3)
  3 centaurs
  2 big kobolds
  2 bullfrogs
  3 scorpions
  A wyvern skeleton (D:9)
  5 killer bees (D:7)
  Dowan (D:7)
  4 wights (D:8)
  3 howler monkeys (D:7)
  A crimson imp (D:7)
  3 hounds
  A bullfrog zombie (D:8)
  4 jellies (D:8)
  3 orc wizards (D:6)
  2 centaur zombies (Ossuary)
  3 orc priests
  A centaur skeleton (D:6)
  2 iguanas
  A hell rat (D:8)
  7 worker ants
  5 big kobold zombies (Ossuary)
  4 mummies (Ossuary)
  A worker ant zombie (D:6)
  6 adders
  9 gnolls
  A river rat (D:8)
  6 oozes
  An adder skeleton (D:4)
  An adder zombie (D:5)
  A worm (D:3)
  A dart slug (D:3)
  5 leopard geckos
  22 orcs
  7 giant cockroaches
  10 goblins
  15 hobgoblins
  9 jackals
  2 quokkas
  A bat (D:2)
  3 frilled lizards
  A goblin zombie (D:6)
  2 hobgoblin zombies (Ossuary)
  A jackal zombie (D:5)
  18 kobolds
  A leopard gecko skeleton (D:4)
  An orc zombie (D:6)
  A quokka skeleton (D:8)
  7 rats
210 creatures vanquished.

Notes
Turn   | Place    | Note
-------+----------+-------------------------------------------
     0 | D:1      | Cheet4h the Draconian Berserker began the quest for the Orb.
     0 | D:1      | Reached XP level 1. HP: 19/19 MP: 1/1
   220 | D:1      | Reached XP level 2. HP: 22/26 MP: 2/2
   841 | D:2      | Reached XP level 3. HP: 30/31 MP: 3/3
   848 | D:2      | Gained mutation: Your muscles are strong. (Str +2) [potion of mutation]
   848 | D:2      | Gained mutation: Your mind is acute. (Int +2) [potion of mutation]
   849 | D:2      | Lost mutation: Your mind is acute. (Int +2) [potion of mutation]
   849 | D:2      | Lost mutation: Your muscles are strong. (Str +2) [potion of mutation]
   849 | D:2      | Gained mutation: You are somewhat resistant to further mutation. [potion of mutation]
   849 | D:2      | Gained mutation: You possess an exceptional clarity of mind. [potion of mutation]
   850 | D:2      | Lost mutation: You possess an exceptional clarity of mind. [potion of mutation]
   850 | D:2      | Lost mutation: You are somewhat resistant to further mutation. [potion of mutation]
   850 | D:2      | Gained mutation: You are agile. (Dex +2) [potion of mutation]
   850 | D:2      | Gained mutation: Your large and strong wings let you fly indefinitely. [potion of mutation]
  1287 | D:2      | Reached skill level 5 in Long Blades
  1287 | D:2      | Reached XP level 4. HP: 38/38 MP: 4/4
  1446 | D:2      | Reached ** piety under Trog
  2531 | D:3      | Reached XP level 5. HP: 32/45 MP: 5/5
  2880 | D:3      | Found a radiant altar of Vehumet.
  2980 | D:3      | Noticed FIQ's ghost (amateur GnWn)
  2990 | D:3      | Killed FIQ's ghost
  2993 | D:3      | Reached XP level 6. HP: 52/52 MP: 6/6
  3215 | D:4      | Reached *** piety under Trog
  3215 | D:4      | Reached skill level 1 in Crossbows
  3889 | D:4      | Noticed Edmund
  3903 | D:4      | Killed Edmund
  3903 | D:4      | Your scales start taking on a golden yellow colour.
  3903 | D:4      | Reached XP level 7. HP: 60/60 MP: 7/7
  3978 | D:4      | Found a bloodstained altar of Trog.
  4197 | D:4      | Received a gift from Trog
  4475 | D:5      | Entered Level 5 of the Dungeon
  4919 | D:5      | Reached skill level 5 in Fighting
  5026 | D:5      | Found Gooso's Antique Armour Emporium.
  5038 | D:5      | Bought a brightly glowing hat for 162 gold pieces
  5038 | D:5      | Bought a runed buckler for 135 gold pieces
  5043 | D:5      | Identified the +0 hat of the Pleiades {MP+9 Str+3} (You bought it in a shop on level 5 of the Dungeon)
  5549 | D:6      | Found a staircase to the Ecumenical Temple.
  5570 | D:6      | Found a sand-covered staircase.
  5593 | D:6      | Reached **** piety under Trog
  5593 | D:6      | Reached XP level 8. HP: 51/69 MP: 8/8
  5605 | Ossuary  | Entered an ossuary
  6225 | D:6      | Reached skill level 5 in Dodging
  6281 | D:6      | Found a blossoming altar of Fedhas.
  6733 | Temple   | Entered the Ecumenical Temple
  7639 | D:7      | Found a bloodstained altar of Trog.
  7698 | D:7      | Noticed a hippogriff
  7705 | D:7      | Killed a hippogriff
  7705 | D:7      | Reached XP level 9. HP: 34/79 MP: 9/9
  8141 | D:7      | Noticed Dowan
  8143 | D:7      | Noticed Duvessa
  8149 | D:7      | Killed Dowan
  8151 | D:7      | Killed Duvessa
  8701 | D:8      | Reached ***** piety under Trog
  8884 | D:8      | Noticed Psyche
  8887 | D:8      | Killed Psyche
  9017 | D:8      | Found a sacrificial altar of Ru.
  9346 | D:8      | Found a white marble altar of Elyvilon.
  9357 | D:8      | Found a hide-covered altar of Uskayaw.
  9635 | D:9      | Noticed a green ugly thing
  9645 | D:9      | Noticed a death yak
  9646 | D:9      | Noticed a death yak
  9651 | D:8      | Reached XP level 10. HP: 69/90 MP: 10/10
  9654 | D:8      | Killed a green ugly thing
  9955 | D:9      | Noticed a death yak
 10080 | D:8      | Slain by a death yak

Vault maps used:
D:1:      grunt_arrival_crossed_arrows
D:3:      marbit_many_paths
D:4:      cheibrodos_greedy_goblins, trog_hazing_becter, uniq_edmund
D:5:      serial_shops, nicolae_shop_overgrown_old_shop, first_ration
D:6:      fedhas_altar_3, minmay_temple_entry_crystal_x, enter_ossuary_3,
          minmay_unpleasant_kobolds
D:7:      bloody_trog, uniq_duvessa
D:8:      kennysheep_mini_moat, amethyst_overflow_temple_binary,
          hangedman_little_slice_of_home, uniq_psyche
D:9:      grunt_temple_overflow_opulence, dpeg_lair_monsters,
          kennysheep_orc_monster_closet_entryway
Temple:   jpeg_temple_clearing
Ossuary:  ossuary_the_hunt_dpeg

Skill      XL: |  1  2  3  4  5  6  7  8  9 10 |
---------------+-------------------------------+-----
Long Blades    | 4 5 6 7 8 9 |  9.7
Dodging        | 3 4 5 7 |  7.3
Fighting       | 4 5 7 8 9 |  9.0
Crossbows      | 1 2 3 4 |  4.5

Action                   |  1- 3 |  4- 6 |  7- 9 | 10-12 || total
-------------------------+-------+-------+-------+-------++-------
Melee: Falchion          |    63 |   138 |   314 |       ||   515
       Tailslap          |     9 |    15 |    76 |     7 ||   107
       Long sword        |       |       |    29 |    22 ||    51
 Fire: Arbalest          |       |     5 |    82 |       ||    87
Invok: Berserk           |       |     4 |     7 |     1 ||    12
       Trog's Hand       |       |     1 |     1 |       ||     2
 Abil: Fly               |     2 |       |       |       ||     2
       Stop Flying       |     1 |       |       |       ||     1
       Breathe Acid      |       |       |    13 |     2 ||    15
  Use: Scroll            |     4 |     6 |     8 |       ||    18
       Potion            |     3 |       |       |       ||     3
 Stab: Sleeping          |     1 |     3 |     1 |       ||     5
       Distracted        |       |       |     1 |       ||     1
  Eat: Chunk             |     1 |    11 |    28 |     2 ||    42
Armor: Skin              |    15 |    31 |    93 |     4 ||   143
Dodge: Dodged            |    33 |    71 |   299 |    34 ||   437
       Rpst.: Falchion   |    12 |    21 |    76 |       ||   109
       Long sword        |       |       |    13 |     7 ||    20

Table legend:
 A = Spawn XP
 B = Non-spawn XP
 C = Spawn XP percentage of total XP
 D = Spawn monster count
 E = Non-spawn monster count
 F = Spawn count percentage of total count
 G = Total turns spent on level
                    A         B        C        D         E        F      G
               +---------+---------+-------+---------+---------+-------+---------
         Total |       0 |    6578 |   0.0 |       0 |     210 |   0.0 | 10080
               +---------+---------+-------+---------+---------+-------+---------
           D:1 |       0 |      24 |   0.0 |       0 |      13 |   0.0 |   869
           D:2 |       0 |     137 |   0.0 |       0 |      18 |   0.0 |  1199
           D:3 |       0 |     251 |   0.0 |       0 |      25 |   0.0 |  1194
           D:4 |       0 |     490 |   0.0 |       0 |      29 |   0.0 |  1272
           D:5 |       0 |     167 |   0.0 |       0 |       8 |   0.0 |   887
           D:6 |       0 |     864 |   0.0 |       0 |      30 |   0.0 |   954
           D:7 |       0 |    1593 |   0.0 |       0 |      27 |   0.0 |  1684
           D:8 |       0 |    2599 |   0.0 |       0 |      44 |   0.0 |  1374
           D:9 |       0 |     163 |   0.0 |       0 |       3 |   0.0 |    23
       Ossuary |       0 |     290 |   0.0 |       0 |      13 |   0.0 |   516
               +---------+---------+-------+---------+---------+-------+---------
